 Dungeon Crawl Stone Soup version 0.21.1-1-g345015f (webtiles) character file.

881 xccam the Basher (level 7, 0/85 HPs)
             Began as a Minotaur Berserker on Feb 10, 2018.
             Was an Elder of Trog.
             Killed from afar by a wight (16 damage)
             ... with a wand of acid (7)
             ... on level 6 of the Dungeon.
             The game lasted 00:12:34 (3816 turns).

xccam the Basher (Minotaur Berserker)               Turns: 3816, Time: 00:12:35

Health: 0/85       AC: 13    Str: 30    XL:     7   Next: 75%
Magic:  6/6        EV:  8    Int:  6    God:    Trog [****..]
Gold:   213        SH:  0    Dex: 10    Spells: 6/6 levels left

rFire    . . .     SeeInvis .   g - +2 mace (protect)
rCold    . . .     Gourm    .   (no shield)
rNeg     . . .     Faith    .   m - +0 plate armour
rPois    .         Spirit   .   (helmet restricted)
rElec    .         Reflect  .   (no cloak)
rCorr    .         Harm     .   (no gloves)
MR       .....                  l - +0 pair of boots
Stlth    ..........             (no amulet)
HPRegen  0.24/turn              j - ring of flight
MPRegen  0.10/turn              (no ring)

@: berserking, corroded, protection aura, very quick
A: retaliatory headbutt, horns 2, blink, clever 1, strong 1, evolution 1
a: Blink, Berserk, Trog's Hand, Brothers in Arms, Burn Spellbooks, Renounce
Religion, Evoke Flight


You were on level 6 of the Dungeon.
You worshipped Trog.
Trog was greatly pleased with you.
You were not hungry.

You visited 1 branch of the dungeon, and saw 6 of its levels.

You collected 213 gold pieces.

Inventory:

Hand Weapons
 g - a +2 mace of protection (weapon)
Armour
 h - a +1 scale mail
 l - a +0 pair of boots (worn)
 m - a +0 plate armour (worn)
Jewellery
 j - a ring of flight (left hand)
Wands
 a - a wand of digging (22)
Scrolls
 b - 4 scrolls of remove curse
 d - 8 scrolls of identify
 f - 2 scrolls of teleportation
 k - 2 scrolls of blinking
Potions
 e - 2 potions of heal wounds
 i - a potion of haste
Comestibles
 c - 16 rations


   Skills:
 - Level 3.6 Fighting
 + Level 9.6 Maces & Flails
 + Level 6.2 Armour
 - Level 2.1 Dodging


You had 6 spell levels left.
You didn't know any spells.

Dungeon Overview and Level Annotations

Branches:
Dungeon (6/15)
 Temple: D:4-7

Altars:
Ashenzari
Cheibriados
Nemelex Xobeh
Okawaru
Vehumet
Zin
The Shining One

Shops:
D:4 }


Innate Abilities, Weirdness & Mutations

You reflexively headbutt those who attack you in melee.
You have a pair of horns on your head.
You can translocate small distances at will.
Your mind is acute. (Int +2)
Your muscles are strong. (Str +2)
You evolve.


Message History

The wight is lightly damaged.
The wight hits you but does no damage.
Your plate armour prevents you from hitting the wight.
The wight is lightly damaged.
You closely miss the wight.
The wight is lightly damaged.
The wight hits you but does no damage.
You hit the wight. Your headbutt misses the wight.
The wight is heavily damaged.
The wight hits you but does no damage.
You barely miss the wight.
The wight is heavily damaged.
The wight zaps a wand.
The bolt of acid hits you! The acid corrodes you!
You are splashed with acid!
The acid burns!
* * * LOW HITPOINT WARNING * * *
Unknown command.
A red film seems to cover your vision as you go berserk!
You feel yourself moving faster!
You feel mighty!
You feel a lot more hungry.
The wight zaps a wand.
The bolt of acid hits you!
You die...

.##.###.####....#.#...
####..............#.....
#.................##....
#........####...........
.......................#
..........#.......##.(..
..................+....#
..................##...#
.......@................
......z)................
............###.#.......
...........####.#...##..
................#...##..
................#...##..
z#...#.###..........+...
#..............#...###.
.................


You could see 2 wights.

Vanquished Creatures
  Menkaure (D:6)
  A phantom (D:5)
  A centaur (D:5)
  A gnoll sergeant (D:4)
  A water moccasin zombie (D:6)
  A wight (D:6)
  2 howler monkeys (D:4)
  A quasit (D:4)
  A centaur skeleton (D:4)
  A jelly (D:6)
  An orc wizard (D:4)
  A worker ant zombie (D:5)
  5 adders
  4 gnolls (D:4)
  2 shadow imps (D:5)
  An ooze (D:2)
  An adder skeleton (D:5)
  4 worms
  5 dart slugs
  3 leopard geckos
  10 orcs
  A ball python (D:3)
  3 giant cockroaches
  7 goblins
  8 hobgoblins
  12 jackals
  7 quokkas
  8 bats
  A frilled lizard (D:4)
  6 kobolds
  A quokka skeleton (D:6)
  7 rats
109 creatures vanquished.

Notes
Turn   | Place    | Note
-------+----------+-------------------------------------------
     0 | D:1      | xccam the Minotaur Berserker began the quest for the Orb.
     0 | D:1      | Reached XP level 1. HP: 19/19 MP: 0/0
   141 | D:1      | Reached skill level 4 in Maces & Flails
   220 | D:1      | Reached XP level 2. HP: 21/26 MP: 1/1
   526 | D:1      | Reached ** piety under Trog
   757 | D:2      | Reached XP level 3. HP: 31/31 MP: 2/2
   859 | D:2      | Found a glowing golden altar of the Shining One.
   968 | D:2      | Reached skill level 5 in Maces & Flails
  1052 | D:2      | Gained mutation: Your mind is acute. (Int +2) [potion of mutation]
  1052 | D:2      | Gained mutation: You can translocate small distances at will. [potion of mutation]
  1052 | D:2      | Gained mutation: You evolve. [potion of mutation]
  1090 | D:2      | Found a sparkling altar of Nemelex Xobeh.
  1433 | D:3      | Reached XP level 4. HP: 38/39 MP: 3/3
  1932 | D:3      | Reached *** piety under Trog
  2071 | D:4      | Reached skill level 6 in Maces & Flails
  2073 | D:4      | Reached XP level 5. HP: 30/45 MP: 4/4
  2278 | D:4      | Found Jerutyet's Gadget Boutique.
  2303 | D:4      | Reached skill level 7 in Maces & Flails
  2308 | D:4      | Reached XP level 6. HP: 51/51 MP: 5/5
  2327 | D:4      | Found a snail-covered altar of Cheibriados.
  2382 | D:4      | Found an iron altar of Okawaru.
  2562 | D:4      | Reached skill level 8 in Maces & Flails
  2843 | D:5      | Entered Level 5 of the Dungeon
  2902 | D:5      | HP: 2/51 [shadow imp/nerve-wracking pain (11)]
  2904 | D:5      | Gained mutation: Your muscles are strong. (Str +2) [evolution]
  2915 | D:5      | Reached skill level 5 in Armour
  2915 | D:5      | Reached XP level 7. HP: 22/57 MP: 6/6
  3183 | D:5      | Found a shattered altar of Ashenzari.
  3185 | D:5      | Found a glowing silver altar of Zin.
  3187 | D:5      | Found a radiant altar of Vehumet.
  3606 | D:6      | Noticed Menkaure
  3615 | D:6      | Killed Menkaure
  3615 | D:6      | Reached skill level 9 in Maces & Flails
  3807 | D:6      | Reached **** piety under Trog
  3816 | D:6      | Killed from afar by a wight

Skill      XL: |  1  2  3  4  5  6  7 |
---------------+----------------------+-----
Maces & Flails | 4 5 6 7 8 9 |  9.6
Armour         | 3 4 5 6 |  6.2
Fighting       | |  3.6
Dodging        | |  2.1

Action                   |  1- 3 |  4- 6 |  7- 9 || total
-------------------------+-------+-------+-------++-------
Melee: Mace              |   108 |   116 |    41 ||   265
       Headbutt          |    15 |    17 |     7 ||    39
Invok: Berserk           |       |     2 |     1 ||     3
       Trog's Hand       |       |     1 |     1 ||     2
       Burn Spellbooks   |       |       |     1 ||     1
  Use: Scroll            |     3 |     4 |     1 ||     8
       Potion            |     3 |     4 |       ||     7
 Stab: Invisible         |       |     1 |       ||     1
  Eat: Chunk             |     2 |     6 |     2 ||    10
       Ration            |       |       |     1 ||     1
Armor: Animal skin       |     6 |       |       ||     6
       Leather armour    |    17 |       |       ||    17
       Ring mail         |    19 |     2 |       ||    21
       Scale mail        |       |    66 |     6 ||    72
       Plate armour      |       |       |     7 ||     7
Dodge: Dodged            |    84 |    76 |    22 ||   182
